AoeStats
← Convict

Marketplace

505495183Analyzed
1v1 RM · 23d ago on Sep 9, 2026· 64m 19s· 2 players
Game mode
Random Map
Map size
Tiny (2 player)
Population
200
Speed
Normal
Resources
Standard
Victory
Conquest
Starting age
Dark Age
Ending age
Imperial Age
RankedLock teamsTeams togetherTeam positionsShared explorationLock speedFull tech treeHidden civsTurbo modeCheats
Victory
Defeat
🇸🇰 Franks · Slovakia
503
+17
🇷🇴 Mongols · Romania
527
-17
Convict
13:24 Loom
15:43 Feudal Age
18:32 Double-Bit Axe
22:17 Castle Age
24:46 Fervor
25:44 Wheelbarrow
26:45 Hand Cart
29:11 Town Watch
30:23 Gold Mining
30:24 Stone Mining
32:03 Bow Saw
33:14 Husbandry
37:13 Forging
37:04 Scale Mail Armor
37:10 Scale Barding Armor
36:56 Fletching
41:38 Imperial Age
39:49 Iron Casting
39:30 Chain Mail Armor
38:45 Man-at-Arms
39:10 Gambesons
38:46 Pikeman
39:27 Squires
39:13 Arson
40:32 Ballistics
40:09 Murder Holes
40:30 Town Patrol
41:58 Cavalier
43:48 Blast Furnace
43:09 Chain Barding Armor
42:45 Bodkin Arrow
42:56 Chivalry
43:17 Conscription
43:24 Conscription
43:27 Paladin
43:40 Long Swordsman
46:08 Gold Shaft Mining
47:36 Chemistry
47:40 Siege Engineers
47:12 Two-Handed Swordsman
48:34 Plate Barding Armor
48:01 Padded Archer Armor
49:08 Champion
50:24 Plate Mail Armor
50:10 Leather Archer Armor
50:09 Halberdier
54:09 Elite Throwing Axeman
55:10 #83
62:44 Elite Skirmisher
bogelund
0:44 Loom
12:11 Feudal Age
20:31 Castle Age
18:51 Horse Collar
20:53 Arson
22:10 Padded Archer Armor
25:07 Leather Archer Armor
27:10 Double-Bit Axe
28:31 Fletching
29:36 Wheelbarrow
30:37 Stone Mining
30:38 Gold Mining
30:53 Bodkin Arrow
31:26 Bow Saw
33:59 Heavy Plow
40:07 Imperial Age
39:11 Hand Cart
39:34 Gold Shaft Mining
40:58 Bracer
42:01 Chemistry
41:22 Ballistics
41:34 Parthian Tactics
44:18 Stone Shaft Mining
44:10 Heavy Cavalry Archer
45:05 Masonry
46:29 Drill
46:20 Capped Ram
48:37 Elite Mangudai
51:09 Siege Ram
53:56 Hoardings
54:15 Squires
53:35 Pikeman
56:50 Murder Holes
58:32 Onager
Connection lost

Rejoining the realm…

Still unreachable

The connection could not be restored.

Session expired

The server has moved on; the page needs a fresh start.